 Dungeon Crawl Stone Soup version 0.20.1-1-g8b1a95d (webtiles) character file.

920 tmwrnj the Cleaver (level 8, 0/69 HPs)
             Began as a Hill Orc Fighter on Oct 14, 2017.
             Was a Follower of Beogh.
             Slain by an ice beast (2 damage)
             ... on level 4 of the Dungeon.
             The game lasted 00:11:12 (4313 turns).

tmwrnj the Cleaver (Hill Orc Fighter)               Turns: 4313, Time: 00:11:13

Health: 0/69       AC:  9    Str: 19    XL:     8   Next: 10%
Magic:  8/8        EV:  6    Int:  8    God:    Beogh [*.....]
Gold:   156        SH: 10    Dex: 12    Spells: 7/7 levels left

rFire    . . .     SeeInvis .   a - +0 war axe
rCold    . . .     Gourm    .   c - +0 shield
rNeg     . . .     Faith    .   t - +0 chain mail
rPois    .         Spirit   .   (no helmet)
rElec    .         Reflect  .   (no cloak)
rCorr    .         Harm     .   (no gloves)
MR       .....                  (no boots)
Stlth    ..........             (no amulet)
Regen    0.3/turn               (no ring)
MPRegen  0.2/turn               (no ring)

@: no status effects
A: no striking features
a: Renounce Religion


You were on level 4 of the Dungeon.
You worshipped Beogh.
Beogh was aware of your devotion.
You were not hungry.

You visited 1 branch of the dungeon, and saw 5 of its levels.

You collected 156 gold pieces.

Inventory:

Hand Weapons
 a - a +0 war axe (weapon)
Armour
 c - a +0 shield (worn)
 n - a cursed +0 pair of boots
 t - a +0 chain mail (worn)
Jewellery
 k - an uncursed ring of magical power {unknown}
Wands
 w - a wand of random effects (14/48)
Scrolls
 e - 3 scrolls of teleportation
 g - a scroll of identify
 h - a scroll of remove curse {unknown}
 j - 2 scrolls of magic mapping
 l - 2 scrolls of amnesia
 m - a scroll of recharging {unknown}
 r - a scroll of fog {unknown}
Potions
 b - a potion of curing {unknown}
 d - a potion of might
 i - a potion of degeneration {unknown}
 o - 2 potions of lignification {unknown}
 p - a potion of brilliance {unknown}
 q - 2 potions of agility {unknown}
 s - a potion of magic {unknown}
Comestibles
 f - 5 bread rations
 u - 6 chunks of flesh
 v - a royal jelly


   Skills:
 + Level 5.4 Fighting
 + Level 8.2 Axes
 + Level 5.0 Armour
 + Level 1.0 Dodging
 + Level 0.1 Stealth
 + Level 5.7 Shields


You had 7 spell levels left.
You didn't know any spells.

Dungeon Overview and Level Annotations

Branches:
Dungeon (5/15)             Temple (0/1) D:4

Altars:
Dithmenos
Ru
Trog

Portals:
Ossuary: D:5


Message History

* * * LOW HITPOINT WARNING * * *
The jelly is moderately wounded.
You block the jelly's attack.
Things that are here:
a giant spiked club; an ogre corpse An ice beast comes into view.
You hear the rapid hiss of an avalanche of sand nearby.
The worker ant waves its antennae.
There is a stone staircase leading up, spattered with blood here.
You block the ice beast's attack.
You climb upwards.
There is a stone staircase leading down here.
The ogre shouts!
The ice beast hits you.
* * * LOW HITPOINT WARNING * * *
The ice beast freezes you!
* * * LOW HITPOINT WARNING * * *
You are no longer corroded.
The ice beast hits you.
You die...

#.......... ##......
##......... .........
###........ ########.
#######....###### . #.
#.......>).# #.# ###.
#..........# ##...#...
#..........# .........
#..........## ........h
#........#@Y######.........
#........##.....O..........
#........#########........h
#........# .........
########## .........
#########


You could see an ice beast and an ogre.

Vanquished Creatures
  An ogre (D:5)
  An elf zombie (D:5)
  2 elf skeletons (D:5)
  A scorpion (D:3)
  A killer bee (D:4)
  A howler monkey (D:5)
  A hound (D:4)
  2 iguanas
  Ijyb (D:4)
  Terence (D:3)
  3 human skeletons (D:5)
  A worker ant (D:3)
  3 orc wizards
  A howler monkey skeleton (D:4)
  8 adders
  An ooze (D:1)
  2 adder skeletons
  2 worms
  3 dart slugs
  2 leopard geckos (D:1)
  16 orcs
  4 bats
  5 giant cockroaches
  10 goblins
  5 hobgoblins
  8 jackals
  3 quokkas
  6 frilled lizards
  4 kobolds
  7 rats
106 creatures vanquished.

Vanquished Creatures (others)
  2 orc priests (D:5)
  An orc (D:5)
3 creatures vanquished.

Grand Total: 109 creatures vanquished

Notes
Turn   | Place    | Note
-------+----------+-------------------------------------------
     0 | D:1      | tmwrnj the Hill Orc Fighter began the quest for the Orb.
     0 | D:1      | Reached XP level 1. HP: 19/19 MP: 1/1
   240 | D:1      | Reached XP level 2. HP: 24/27 MP: 2/2
   434 | D:1      | Reached XP level 3. HP: 29/33 MP: 3/3
   457 | D:1      | Reached skill level 3 in Axes
   772 | D:2      | Found a shadowy altar of Dithmenos.
   979 | D:2      | Reached XP level 4. HP: 40/40 MP: 4/4
  1096 | D:2      | Found a bloodstained altar of Trog.
  1697 | D:3      | Noticed Terence
  1716 | D:3      | Killed Terence
  1716 | D:3      | Reached skill level 4 in Axes
  1853 | D:3      | Reached XP level 5. HP: 46/46 MP: 5/5
  2106 | D:3      | Found a sacrificial altar of Ru.
  2346 | D:4      | Found a staircase to the Ecumenical Temple.
  2353 | D:4      | Noticed an ogre
  2810 | D:3      | Reached skill level 5 in Axes
  3026 | D:3      | Reached XP level 6. HP: 51/52 MP: 6/6
  3595 | D:4      | Reached skill level 6 in Axes
  3608 | D:4      | Reached skill level 5 in Shields
  3651 | D:5      | Entered Level 5 of the Dungeon
  3732 | D:5      | Became a worshipper of Beogh the Brigand
  3772 | D:5      | Reached XP level 7. HP: 35/60 MP: 7/7
  3863 | D:5      | Reached skill level 1 in Dodging
  3895 | D:5      | Found a sand-covered staircase.
  3925 | D:5      | Reached skill level 7 in Axes
  3997 | D:4      | Reached skill level 5 in Fighting
  4203 | D:4      | Noticed Ijyb
  4219 | D:4      | Killed Ijyb
  4247 | D:4      | Noticed a two-headed ogre
  4270 | D:5      | Reached * piety under Beogh
  4270 | D:5      | Reached skill level 8 in Axes
  4270 | D:5      | Reached skill level 5 in Armour
  4270 | D:5      | Reached XP level 8. HP: 34/68 MP: 8/8
  4312 | D:4      | HP: 1/69 [ice beast (10)]
  4313 | D:4      | Slain by an ice beast

Skill      XL: |  1  2  3  4  5  6  7 |
---------------+----------------------+-----
Axes           | 3 4 5 6 8 |  8.2
Fighting       | 4 5 |  5.4
Shields        | 4 5 |  5.7
Armour         | 4 5 |  5.0
Dodging        | 1 |  1.0
Stealth        | |  0.1

Action                   |  1- 3 |  4- 6 |  7- 9 || total
-------------------------+-------+-------+-------++-------
Melee: War axe           |    94 |   252 |   126 ||   472
Invok: Convert to Beogh  |       |     1 |       ||     1
  Use: Scroll            |       |     2 |     1 ||     3
  Eat: Chunk             |       |     8 |     2 ||    10
       Royal jelly       |       |     1 |       ||     1
Armor: Scale mail        |    49 |    56 |       ||   105
       Chain mail        |       |    68 |    43 ||   111
Dodge: Dodged            |    39 |    71 |    22 ||   132
Block: Shield            |    68 |   174 |    61 ||   303
